 Dungeon Crawl Stone Soup version 0.26-a0-30-g56b8cd3df0 (webtiles) character file.

Game seed: 98643993253788228, levelgen mode: deterministic

125371 tilp the Bludgeoner (level 15, 0/115 HPs)
             Began as a Demigod Venom Mage on June 1, 2020.
             Slain by a spriggan rider
             ... wielding a +0 spear
              (19 damage)
             ... on level 3 of the Swamp.
             The game lasted 02:02:24 (49334 turns).

tilp the Bludgeoner (Demigod Venom Mage)           Turns: 49334, Time: 02:02:24

Health: 0/115      AC: 22    Str: 16    XL:     15   Next: 94%
Magic:  28/28      EV: 14    Int: 27    God:
Gold:   1006       SH:  0    Dex: 16    Spells: 10/26 levels left

rFire    + . .     SeeInvis +   a - +10 great mace (freeze)
rCold    . . .     Gourm    .   (shield currently unavailable)
rNeg     . . .     Faith    .   S - +3 ring mail {rPois}
rPois    +         Spirit   .   i - +2 hat {SInv}
rElec    .         Reflect  +   q - +1 cloak {rCorr}
rCorr    +         Harm     .   D - +0 pair of gloves "Woilopt" {Str+3}
MR       +....                  s - +2 pair of boots
Stlth    +.........             K - amulet of reflection
HPRegen  0.29/turn              O - +4 ring of protection
MPRegen  0.21/turn              U - ring of protection from fire

@: confused
A: high mp 1
a: no special abilities


You were on level 3 of the Swamp.
You were very hungry.

You visited 5 branches of the dungeon, and saw 27 of its levels.
You visited the Abyss 1 time.
You also visited: Ice Cave.

You collected 2642 gold pieces.
You spent 1636 gold pieces at shops.

Inventory:

Hand Weapons
 a - a +10 great mace of freezing (weapon)
 b - a +1 great mace of holy wrath
Missiles
 o - 19 boomerangs (quivered)
 w - 5 javelins
 Z - 5 curare-tipped darts
Armour
 f - a +0 pair of gloves
 i - a +2 hat of see invisible (worn)
 q - a +1 cloak of preservation (worn)
 s - a +2 pair of boots (worn)
 x - the +8 plate armour "Gorin" {rC+ MR+ Str+3}
   (You found it on level 12 of the Dungeon)

   It affects your strength (+3).
   It protects you from cold.
   It affects your resistance to hostile enchantments.
 D - the +0 pair of gloves "Woilopt" (worn) {Str+3}
   (You found it on level 6 of the Lair of Beasts)

   It affects your strength (+3).
 S - a +3 ring mail of poison resistance (worn)
Jewellery
 E - an uncursed ring of poison resistance
 K - an amulet of reflection (around neck)
 O - a +4 ring of protection (left hand)
 P - an uncursed ring of protection from cold
 U - a ring of protection from fire (right hand)
Wands
 k - a wand of digging (4)
 u - a wand of disintegration (11)
 C - a wand of paralysis (15)
 I - a wand of acid (7)
 N - a wand of enslavement (27)
 Q - a wand of clouds (4)
 T - a wand of flame (55)
 V - a wand of iceblast (10)
Scrolls
 g - 3 scrolls of magic mapping
 r - 2 scrolls of fog
 y - 2 scrolls of fear
 F - 2 scrolls of silence
 G - 13 scrolls of remove curse
 L - 10 scrolls of teleportation
 R - 5 scrolls of blinking
 W - 3 scrolls of summoning
 Y - a scroll of holy word
Potions
 d - 6 potions of mutation
 e - a potion of haste
 j - 6 potions of brilliance
 l - 4 potions of flight
 m - 3 potions of might
 n - 8 potions of resistance
 p - 2 potions of cancellation
 v - 12 potions of curing
 B - 3 potions of magic
 J - a potion of berserk rage
 M - 4 potions of invisibility
Miscellaneous
 t - a phial of floods
 z - a lightning rod (4/4)
 H - 2 phantom mirrors
 X - a tin of tremorstones (3/3)
Comestibles
 c - 20 rations


   Skills:
 - Level 6.0 Fighting
 + Level 19.7 Maces & Flails
 - Level 6.0 Armour
 - Level 6.0 Dodging
 - Level 6.0 Stealth
 - Level 6.0 Spellcasting
 - Level 2.0 Conjurations
 - Level 2.0 Transmutations
 - Level 2.0 Fire Magic
 - Level 2.0 Air Magic
 - Level 10.0 Poison Magic
 - Level 6.0 Evocations


You had 10 spell levels left.
You knew the following spells:

 Your Spells              Type           Power        Failure   Level  Hunger
a - Sting                 Tmut/Pois      ####         1%          1    None
b - Poisonous Vapours     Pois/Air       #####.       1%          2    None
c - Ignite Poison         Fire/Tmut/Pois ####....     4%          3    None
d - Mephitic Cloud        Conj/Pois/Air  ####....     4%          3    None
e - Olgreb's Toxic Radia  Pois           ######..     1%          4    ###....
f - Ensorcelled Hibernat  Hex/Ice        #.....       17%         2    None
g - Apportation           Tloc           #.....       11%         1    None

Your spell library contained the following spells:

 Spells                   Type           Power        Failure   Level  Hunger
 Animate Skeleton         Necr           N/A          11%         1    None
 Corona                   Hex            #......      11%         1    None
 Summon Small Mammal      Summ           #...         11%         1    None
 Conjure Flame            Conj/Fire      ###.....     14%         3    None
 Dazzling Flash           Conj/Hex       ##....       22%         3    None
 Confusing Touch          Hex            #.......     32%         3    None
 Tukima's Dance           Hex            #.......     32%         3    None
 Silence                  Hex/Air        ##........   90%         5    #####..
 Borgnjor's Vile Clutch   Necr/Erth      #.........   97%         5    #####..
 Darkness                 Hex            #.........   100%        6    ######.
 Freezing Cloud           Conj/Ice/Air   ###.......   100%        6    ######.
 Shadow Creatures         Summ           N/A          100%        6    ######.
 Ring of Flames           Chrm/Fire      ##........   100%        7    #######


Dungeon Overview and Level Annotations

Branches:
Dungeon (15/15)            Temple (0/1) D:6            Lair (6/6) D:11
  Swamp (3/4) Lair:2        Snake (1/4) Lair:3        Slime (0/5) Lair:6
    Orc (2/2) D:10            Elf (0/3) Orc:2        Vaults (0/5) D:14
 Depths (0/5) D:15          IceCv (visited)

Shops:
D:4 (   D:5 *   D:8 [   D:15 (   Orc:2 (?*!


Innate Abilities, Weirdness & Mutations

You have an increased reservoir of magic. (+10% MP)


Message History

You kill the spriggan rider!
You kill the hornet!
The spriggan rider hits you from afar with a +0 spear!!
* * * LOW HITPOINT WARNING * * *
Unknown command.
You feel better.
The spriggan rider hits you from afar with a +0 spear!
* * * LOW HITPOINT WARNING * * *
Your magical contamination has completely faded away.
Unknown command.
You are confused.
You feel invigorated.
The spriggan rider hits you from afar with a +0 spear!
* * * LOW HITPOINT WARNING * * *
Unknown command.
The spriggan rider hits you but does no damage.
Unknown command.
The spriggan throws a stone.
The stone hits you.
* * * LOW HITPOINT WARNING * * *
The spriggan rider hits you from afar with a +0 spear!!
You die...

♣♣♣≈≈...≈♣♣♣♣♣♣
♣♣≈..♣
♣≈≈≈≈.≈≈.≈≈..♣
♣..≈≈)
♣≈≈≈≈.≈≈≈)≈≈.♣♣
♣.≈≈≈≈
♣♣≈≈≈.♣♣♣.≈≈≈≈♣
♣♣≈≈≈§
♣≈.≈≈≈.♣♣♣≈≈≈≈♣
♣...♣ ♣♣
♣♣..≈≈≈.♣♣
♣♣♣♣♣ ♣≈≈≈♣ ≈
♣≈...≈≈≈§♣
♣≈≈≈.
♣♣♣♣♣..≈≈≈...♣♣
♣.≈.≈
♣....≈≈≈≈≈@≈≈.♣
♣♣♣.♣ ♣
♣♣.≈≈≈≈≈......♣
♣≈.♣ ♣
≈..≈≈....)i♣♣♣♣
♣♣♣♣ ♣
♣≈..≈≈i≈♣♣♣♣ ♣
.....≈≈≈≈...(♣
...≈≈≈≈≈≈†..≈♣
......≈≈≈≈♣♣♣♣
≈≈♣♣..%≈.≈♣ ≈≈≈
≈ ♣♣♣.≈.≈.


You could see a spriggan rider and a spriggan.

Vanquished Creatures
  2 frost giants
  Louise (Swamp:3)
  A stone giant (D:9)
  Azrael (D:15)
  A dire elephant (D:15)
  Josephine (D:13)
  An ice dragon (Lair:1)
  2 naga warriors
  9 hydras
  A merfolk avatar (Lair:6)
  3 centaur warriors (D:14)
  6 alligators
  2 death knights
  5 ogre magi
  6 death yaks (Lair:5)
  3 tengu warriors
  12 two-headed ogres
  3 spriggans
  Sonja (Lair:6)
  Nergalle (Lair:4)
  5 skeletal warriors (D:14)
  A swamp dragon (Swamp:1)
  An unseen horror (D:15)
  The ghost of p0werm0de the Chopper, a novice DDFi (D:6)
  A spriggan druid (Swamp:3)
  4 orc knights
  A deep elf mage (D:14)
  2 mana vipers (Lair:3)
  8 oklob plants
  2 orc sorcerers
  A wolf spider (D:15)
  12 ugly things
  6 cyclopes
  5 manticores
  A moth of wrath (D:3)
  4 elephants (Lair:6)
  A salamander (D:15)
  A guardian serpent (Lair:3)
  6 black mambas
  Maurice (D:8)
  An apocalypse crab (Abyss:2)
  A gargoyle (D:14)
  18 spiny frogs
  4 rime drakes
  4 komodo dragons
  A kobold demonologist (D:15)
  4 yaktaurs (D:14)
  2 efreet
  An ancient zyme (Abyss:2)
  A tengu conjurer (D:14)
  23 polar bears
  3 meliai (D:13)
  6 tyrant leeches
  7 trolls
  A queen bee (D:10)
  5 hornets
  4 blink frogs
  10 hippogriffs
  15 slime creatures
  A meliai zombie (D:15)
  2 large abominations (Abyss:2)
  3 shadows
  5 wraiths
  34 yaks
  2 vampires
  4 wyverns
  2 fire elementals (D:15)
  3 hungry ghosts
  A steam dragon (Lair:4)
  3 basilisks
  9 vampire mosquitoes
  Menkaure (D:4)
  2 soldier ants
  14 swamp worms
  3 nagas
  Edmund (D:4)
  3 wargs
  12 water moccasins
  5 small abominations (Abyss:2)
  2 hell hounds (D:15)
  10 porcupines
  7 ice beasts
  A necrophage (D:9)
  18 orc warriors
  4 swamp drakes
  An eye of draining (D:12)
  2 phantoms
  A sky beast (D:13)
  3 black bears
  35 ogres
  12 wolves
  14 centaurs
  7 crocodiles
  4 big kobolds
  A gnoll sergeant (D:8)
  18 bullfrogs
  A wyvern zombie (D:9)
  A wyvern skeleton (D:14)
  8 scorpions
  28 killer bees
  7 wights
  6 howler monkeys (D:10)
  4 centaur zombies
  10 crimson imps
  2 quasits
  3 hounds
  18 orc priests
  4 bullfrog zombies
  7 jellies
  11 centaur skeletons
  2 bullfrog skeletons
  Jessica (D:2)
  Ijyb (D:4)
  22 orc wizards
  10 worker ants
  4 iguanas
  2 hound zombies
  A hound skeleton (D:10)
  A worker ant zombie (D:6)
  Robin (D:4)
  A howler monkey skeleton (D:8)
  12 gnolls
  17 adders
  12 shadow imps
  A white imp (Abyss:2)
  An ufetubus (Abyss:2)
  3 oozes (Lair:6)
  An adder zombie (D:9)
  2 adder skeletons
  7 worms
  2 dart slugs
  5 leopard geckos
  68 orcs
  2 ball pythons
  5 giant cockroaches
  14 goblins
  12 hobgoblins
  9 jackals
  27 kobolds
  6 quokkas
  3 bats
  4 frilled lizards
  A quokka skeleton (D:5)
  8 rats (D:3)
  7 plants
872 creatures vanquished.

Vanquished Creatures (others)
  A spiny frog (Lair:6)
  A yak (Lair:3)
  3 fungi (Lair:5)
  9 plants
  2 starspawn tentacles (Abyss:2)
16 creatures vanquished.

Grand Total: 888 creatures vanquished

Notes
Turn   | Place    | Note
-------+----------+-------------------------------------------
     0 | D:1      | tilp the Demigod Venom Mage began the quest for the Orb.
     0 | D:1      | Reached XP level 1. HP: 14/14 MP: 5/5
   592 | D:1      | Reached XP level 2. HP: 20/20 MP: 5/7
   596 | D:1      | Learned a level 2 spell: Poisonous Vapours
  1524 | D:2      | Reached XP level 3. HP: 26/26 MP: 3/8
  2322 | D:2      | Noticed Jessica
  2331 | D:2      | Killed Jessica
  2331 | D:2      | Reached XP level 4. HP: 33/33 MP: 5/10
  2754 | D:3      | Learned a level 3 spell: Ignite Poison
  3026 | D:3      | Reached XP level 5. HP: 38/38 MP: 6/12
  3579 | D:3      | Found an iron altar of Okawaru.
  3580 | D:3      | Reached skill level 5 in Poison Magic
  4176 | D:3      | Noticed a moth of wrath
  4179 | D:3      | Found a bloodstained altar of Trog.
  4204 | D:3      | Killed a moth of wrath
  4204 | D:3      | Reached skill level 1 in Fighting
  4204 | D:3      | Reached XP level 6. HP: 39/48 MP: 4/15
  4204 | D:3      | Reached XP level 7. HP: 43/53 MP: 4/16
  4266 | D:3      | Learned a level 3 spell: Mephitic Cloud
  4271 | D:3      | Learned a level 4 spell: Olgreb's Toxic Radiance
  4541 | D:3      | Found a sacrificial altar of Ru.
  5557 | D:4      | Reached skill level 1 in Maces & Flails
  5673 | D:4      | Noticed Robin
  5679 | D:4      | Killed Robin
  6066 | D:4      | Found Riuh's Antique Weapon Emporium.
  6074 | D:4      | Bought a jewelled morningstar for 207 gold pieces
  6093 | D:4      | Noticed Ijyb
  6101 | D:4      | Killed Ijyb
  6229 | D:4      | Noticed Edmund
  6352 | D:4      | Noticed Menkaure
  6622 | D:3      | Identified the cursed +1 morningstar "Qianuy" {vorpal,
                  | SInv} (You bought it in a shop on level 4 of the Dungeon)
  6637 | D:5      | Entered Level 5 of the Dungeon
  6648 | D:5      | Found a blossoming altar of Fedhas.
  6662 | D:5      | Reached skill level 2 in Maces & Flails
  6879 | D:5      | Reached XP level 8. HP: 40/61 MP: 3/17
  7354 | D:4      | Reached skill level 3 in Maces & Flails
  7707 | D:5      | Got a smoking robe
  7723 | D:5      | Found a hazy altar of Hepliaklqana.
  7757 | D:5      | Reached skill level 4 in Maces & Flails
  7828 | D:5      | Found a glowing silver altar of Zin.
  7890 | D:5      | Reached skill level 1 in Evocations
  8282 | D:5      | Found Ceuzeruc's Assorted Antiques.
  8465 | D:5      | Found an ancient bone altar of Kikubaaqudgha.
  8897 | D:6      | Reached skill level 5 in Maces & Flails
  8997 | D:6      | Reached XP level 9. HP: 67/67 MP: 18/18
  8999 | D:6      | Found a transporter.
  9000 | D:6      | Noticed p0werm0de's ghost (novice DDFi)
  9002 | D:6      | Found a transporter.
  9729 | D:6      | Found a staircase to the Ecumenical Temple.
  9852 | D:6      | Identified the +0 robe of Usaedyfat {Str+2 SInv} (You found
                  | it on level 5 of the Dungeon)
  9931 | D:4      | Killed Edmund
 10060 | D:5      | Bought an embroidered cloak for 247 gold pieces
 10160 | D:7      | Reached skill level 6 in Maces & Flails
 10953 | D:8      | Noticed Maurice
 10962 | D:8      | Killed Maurice
 11327 | D:8      | Reached skill level 7 in Maces & Flails
 11472 | D:8      | Found Nutefoenk's Armour Emporium.
 11625 | D:8      | Found a shadowy altar of Dithmenos.
 11728 | D:8      | Reached XP level 10. HP: 52/78 MP: 11/19
 12436 | D:9      | Reached skill level 8 in Maces & Flails
 12691 | D:9      | Found a large runed translucent door.
 12691 | D:9      | Found a large runed translucent door.
 12692 | D:9      | Noticed an orc knight
 13751 | D:10     | Entered Level 10 of the Dungeon
 13999 | D:10     | Reached skill level 9 in Maces & Flails
 14504 | D:10     | Found a staircase to the Orcish Mines.
 14603 | D:10     | Found a roughly hewn altar of Beogh.
 15201 | D:4      | Killed Menkaure
 15691 | D:11     | Noticed a white ugly thing
 15699 | D:11     | Killed a white ugly thing
 15834 | D:11     | Noticed an oklob plant
 16007 | D:11     | Reached XP level 11. HP: 79/84 MP: 20/20
 16532 | D:11     | Reached skill level 10 in Maces & Flails
 16532 | D:11     | Reached skill level 10 in Poison Magic
 16804 | D:11     | Found a staircase to the Lair.
 18335 | D:12     | Noticed a two-headed ogre
 18352 | D:11     | Killed a two-headed ogre
 18352 | D:11     | Reached skill level 1 in Transmutations
 18486 | D:11     | Reached skill level 1 in Conjurations
 18486 | D:11     | Reached skill level 1 in Fire Magic
 18486 | D:11     | Reached skill level 1 in Air Magic
 18558 | Lair:1   | Entered Level 1 of the Lair of Beasts
 19225 | Lair:1   | Reached skill level 11 in Maces & Flails
 20313 | Lair:1   | Noticed an ice dragon
 21143 | Lair:2   | Found a staircase to the Swamp.
 21549 | Lair:2   | Reached skill level 12 in Maces & Flails
 21908 | Lair:3   | Found a staircase to the Snake Pit.
 22759 | Lair:3   | Noticed a six-headed hydra
 22774 | Lair:3   | Killed a six-headed hydra
 22774 | Lair:3   | Reached XP level 12. HP: 29/91 MP: 15/21
 23193 | Lair:3   | Reached skill level 13 in Maces & Flails
 23999 | D:6      | Killed p0werm0de's ghost
 24706 | Lair:1   | Killed an ice dragon
 25492 | D:8      | Bought a +3 ring mail of poison resistance for 368 gold
                  | pieces
 25743 | Lair:4   | Reached skill level 14 in Maces & Flails
 25795 | Lair:4   | Noticed Nergalle
 25799 | Lair:4   | Killed Nergalle
 25821 | Lair:4   | Reached skill level 1 in Armour
 26670 | Lair:5   | Learned a level 2 spell: Ensorcelled Hibernation
 27718 | Lair:5   | Reached skill level 5 in Stealth
 27732 | Lair:5   | Reached skill level 5 in Fighting
 27732 | Lair:5   | Reached skill level 5 in Evocations
 27955 | Lair:5   | Reached XP level 13. HP: 78/100 MP: 15/24
 28222 | Orc:1    | Entered Level 1 of the Orcish Mines
 28227 | Orc:1    | Reached skill level 5 in Spellcasting
 28803 | Orc:2    | Entered Level 2 of the Orcish Mines
 29950 | Orc:2    | Found a staircase to the Elven Halls.
 30071 | Orc:2    | Reached skill level 5 in Armour
 30775 | Orc:2    | Found Xeq Wyhety's Distillery.
 30775 | Orc:2    | Found Itheguch's Magic Scroll Boutique.
 30776 | Orc:2    | Found Keafoaph's General Store.
 30776 | Orc:2    | Found Hopn's Weapon Shoppe.
 31238 | Orc:2    | Reached skill level 5 in Dodging
 31483 | Orc:2    | Bought a scroll of identify for 30 gold pieces
 31485 | Orc:2    | Bought a potion of ambrosia for 88 gold pieces
 31485 | Orc:2    | Bought a potion of curing for 33 gold pieces
 31485 | Orc:2    | Bought a potion of curing for 33 gold pieces
 31485 | Orc:2    | Bought a potion of curing for 33 gold pieces
 31485 | Orc:2    | Bought 2 potions of mutation for 176 gold pieces
 31485 | Orc:2    | Bought a potion of invisibility for 88 gold pieces
 31486 | Orc:2    | Bought 2 scrolls of blinking for 270 gold pieces
 31486 | Orc:2    | Bought a scroll of fear for 63 gold pieces
 31685 | Lair:6   | Entered Level 6 of the Lair of Beasts
 31958 | Lair:6   | Noticed Sonja
 31962 | Lair:6   | Killed Sonja
 32351 | Lair:6   | Found a staircase to the Slime Pits.
 33407 | Lair:6   | Reached XP level 14. HP: 110/110 MP: 14/27
 33858 | Lair:6   | Got a pair of encrusted gloves
 34325 | Lair:6   | Identified the cursed +0 pair of gloves "Woilopt" {Str+3}
                  | (You found it on level 6 of the Lair of Beasts)
 34667 | Lair:6   | Reached skill level 15 in Maces & Flails
 35277 | D:9      | Found an iron altar of Okawaru.
 35277 | D:9      | Noticed a frost giant
 35280 | D:9      | Found a hazy altar of Hepliaklqana.
 35487 | D:9      | Killed a frost giant
 37579 | D:12     | Got a jewelled plate armour
 37629 | D:13     | Identified the +8 plate armour "Gorin" {rC+ MR+ Str+3} (You
                  | found it on level 12 of the Dungeon)
 37687 | D:13     | Reached skill level 16 in Maces & Flails
 38177 | D:13     | Noticed Josephine
 38182 | D:13     | Killed Josephine
 38536 | D:13     | Found a shadowy altar of Dithmenos.
 40072 | D:14     | Learned a level 1 spell: Apportation
 40075 | D:14     | You fall into a shaft and drop 1 floor!
 40075 | D:15     | Entered Level 15 of the Dungeon
 40133 | D:15     | Found Innig's Weapon Boutique.
 40167 | D:15     | Noticed Azrael
 40288 | D:15     | Killed Azrael
 40307 | D:15     | Reached skill level 17 in Maces & Flails
 40410 | D:15     | Found a frozen archway.
 40432 | IceCv    | Entered an ice cave
 40656 | IceCv    | HP: 3/110 [polar bear (21)]
 41414 | IceCv    | Noticed a frost giant
 41420 | IceCv    | Killed a frost giant
 41582 | IceCv    | Got a brightly glowing battleaxe
 41626 | IceCv    | Reached XP level 15. HP: 108/115 MP: 11/28
 42348 | D:14     | Found a gate to the Vaults.
 42521 | D:14     | Identified the +7 battleaxe of Duty {vorpal, rN++ Int-4
                  | Dex+2 SInv} (You found it in an ice cave)
 42640 | D:14     | Reached skill level 18 in Maces & Flails
 44688 | D:15     | Found a stormy altar of Qazlal.
 44808 | D:15     | Found a hide-covered altar of Uskayaw.
 45105 | D:15     | Found a staircase to the Depths.
 45253 | Snake:1  | Entered Level 1 of the Snake Pit
 45881 | Swamp:1  | Entered Level 1 of the Swamp
 46477 | Swamp:1  | Reached skill level 19 in Maces & Flails
 48368 | Swamp:3  | Noticed a thorn hunter
 48595 | Swamp:3  | Noticed Louise
 48599 | Swamp:3  | Cast into level 2 of the Abyss (Louise)
 48714 | Abyss:2  | Noticed a tentacled starspawn
 48750 | Abyss:2  | Noticed a tentacled starspawn
 48950 | Swamp:3  | Escaped the Abyss
 48957 | Swamp:3  | Killed Louise
 49334 | Swamp:3  | Slain by a spriggan rider

Illustrated notes

Levels and vault maps discovered:
D:1:      dpeg_arrival_concentric_ovals, layout_basic
D:2:      layout_loops_corners, minmay_misc_feat_tiny,
          chequers_decorated_corner, uniq_jessica
D:3:      layout_basic, tgw_trog, marbit_many_paths, minivault_11,
          kennysheep_small_spiral, okawaru_altar_gauntlet_db
D:4:      layout_gridville, first_ration, serial_shops, shop, st_stairs_3,
          serial_park_tiny_1, uniq_edmund, uniq_menkaure, uniq_robin, uniq_ijyb
D:5:      layout_gridville, nicolae_overflow_crystal_walls,
          overflow_temple_1_default, grunt_temple_overflow_open, serial_shops,
          shop
D:6:      layout_loops_ring, minmay_temple_entry_drinking_statues,
          gammafunk_ghost_smash
D:7:      layout_cave_pools
D:8:      layout_loops_cross, old_standard_altar, serial_shops, shop,
          uniq_maurice
D:9:      layout_grid_maze, jmf_multi_god_temple2
D:10:     layout_loops_ring, minmay_orc_entry_temple_small, david_nohive_1,
          minmay_misc_feat_x
D:11:     layout_roguey, dpeg_oklobed_lair
D:12:     layout_gridville, kennysheep_generic_room_13
D:13:     layout_basic, grunt_dithmenos_shadows, uniq_josephine
D:14:     layout_layer_cave, hangedman_vaults_entry_quadrant_bands,
          chequers_avenue, hex_large, st_stairs_5, nrook_campfire
D:15:     hangedman_depths_entry_try_elsewhere_first, layout_rooms,
          serial_shops, nicolae_shop_waterfront,
          portal_ice_cave_entry_pillars_2, lemuel_round_altar,
          nicolae_qazlal_style_of_elements, uniq_azrael
Lair:1:   dragon1_lemuel, layout_gridlike, worms_lemuel, grunt_megastairs_1
Lair:2:   layout_long_grid, minmay_swamp_entry_reptiles
Lair:3:   layout_gridlike, minmay_snake_entry_guardpost_small, st_stairs_12
Lair:4:   layout_cave_shapes, uniq_nergalle
Lair:5:   layout_regular_city, minmay_lair_oklob_bushes
Lair:6:   gammafunk_lair_ancient_temple, layout_cave_shapes,
          nicolae_slime_entry_slimehenge, chequers_serial_rivers_small_b,
          minmay_lair_oklob_chamber, uniq_sonja
Swamp:1:  layout_basic_swamp, nicolae_swamp_orc_logging_accident
Swamp:2:  layout_basic_swamp, evilmike_swamp_ruin_house_4, swamp_pool4
Swamp:3:  layout_basic_swamp, nicolae_swamp_stair_fork, uniq_roxanne,
          uniq_louise
Snake:1:  kennysheep_snake, layout_layer_cave, guppyfry_library_mini
Orc:1:    layout_caves
Orc:2:    st_orc_ogre_mass, layout_diamond_mine, mines2_lemuel

Skill      XL: |  1  2  3  4  5  6  7  8  9 10 11 12 13 14 15 |
---------------+----------------------------------------------+-----
Poison Magic   | 3 4 6 7 8 9 10 | 10.0
Spellcasting   | 2 4 6 |  6.0
Fighting       | 1 2 4 5 6 |  6.0
Dodging        | 2 4 6 |  6.0
Stealth        | 3 4 5 6 |  6.0
Maces & Flails | 2 5 7 9 12 14 17 19 | 19.7
Evocations     | 2 4 5 6 |  6.0
Transmutations | 2 |  2.0
Conjurations   | 2 |  2.0
Fire Magic     | 2 |  2.0
Air Magic      | 2 |  2.0
Armour         | 2 6 |  6.0

Action                   |  1- 3 |  4- 6 |  7- 9 | 10-12 | 13-15 || total
-------------------------+-------+-------+-------+-------+-------++-------
Melee: Short sword       |    17 |     1 |       |       |       ||    18
       Long sword        |       |    52 |    87 |       |       ||   139
       Flail             |       |       |   307 |   324 |       ||   631
       Dire flail        |       |       |       |   468 |   724 ||  1192
       Unarmed           |       |       |       |       |    27 ||    27
       Great mace        |       |       |       |       |   382 ||   382
Throw: Stone             |     4 |       |       |       |       ||     4
       Boomerang         |       |       |    29 |    12 |    23 ||    64
 Cast: Sting             |    24 |    36 |   132 |    89 |   140 ||   421
       Poisonous Vapours |    18 |    24 |   104 |   102 |   259 ||   507
       Ignite Poison     |       |       |    16 |    40 |   114 ||   170
       Olgreb's Toxic Ra |       |       |     2 |    14 |    40 ||    56
       Mephitic Cloud    |       |       |       |    20 |    24 ||    44
       Ensorcelled Hiber |       |       |       |     2 |     1 ||     3
Evoke: Wand              |       |       |     2 |    15 |    17 ||    34
       Tin of tremorston |       |       |       |       |     6 ||     6
       Lightning rod     |       |       |       |       |     4 ||     4
  Use: Scroll            |       |       |    12 |    17 |    22 ||    51
       Potion            |       |       |       |     5 |     8 ||    13
 Stab: Sleeping          |     2 |     1 |     2 |     6 |     4 ||    15
       Confused          |       |       |       |     3 |       ||     3
       Distracted        |       |       |       |     2 |     1 ||     3
  Eat: Chunk             |     5 |     7 |    25 |    27 |    47 ||   111
       Ration            |       |       |     2 |     9 |     7 ||    18
Armor: Robe              |     3 |    15 |     3 |       |       ||    21
       Leather armour    |       |       |   148 |   206 |       ||   354
       Ring mail         |       |       |       |    32 |   416 ||   448
Dodge: Dodged            |     5 |    45 |   321 |   363 |   544 ||  1278
Block: Other             |       |       |       |   151 |   212 ||   363
       Reflection        |       |       |       |    11 |    13 ||    24
       Rpst.: Long sword |       |     9 |    20 |       |       ||    29

Table legend:
 A = Non-vault XP
 B = Vault XP
 C = Vault XP percentage of total XP
 D = Non-vault monster count
 E = Vault monster count
 F = Vault count percentage of total count
                 A         B        C        D         E       F
            +---------+---------+-------+---------+---------+-------
      Total |  109889 |   69213 |  38.6 |     631 |     235 |  27.1
            +---------+---------+-------+---------+---------+-------
        D:1 |      17 |       0 |   0.0 |       9 |       0 |   0.0
        D:2 |     114 |      37 |  24.5 |      20 |       1 |   4.8
        D:3 |     318 |     587 |  64.9 |      40 |      13 |  24.5
        D:4 |     555 |     419 |  43.0 |      25 |      18 |  41.9
        D:5 |    1355 |       0 |   0.0 |      31 |       0 |   0.0
        D:6 |     774 |     878 |  53.1 |      31 |       3 |   8.8
        D:7 |    1213 |       0 |   0.0 |      20 |       0 |   0.0
        D:8 |    1091 |     449 |  29.2 |      29 |       1 |   3.3
        D:9 |    2285 |    4095 |  64.2 |      27 |       6 |  18.2
       D:10 |     883 |    1578 |  64.1 |      19 |      24 |  55.8
       D:11 |    3752 |    1649 |  30.5 |      38 |       3 |   7.3
       D:12 |    6496 |      48 |   0.7 |      42 |       1 |   2.3
       D:13 |    5635 |    1911 |  25.3 |      29 |       6 |  17.1
       D:14 |   21124 |    5975 |  22.0 |      46 |      19 |  29.2
       D:15 |    6011 |    6209 |  50.8 |      21 |      11 |  34.4
     Lair:1 |    3119 |    1938 |  38.3 |      16 |       7 |  30.4
     Lair:2 |    2787 |     550 |  16.5 |      16 |       5 |  23.8
     Lair:3 |    8342 |     319 |   3.7 |      22 |       2 |   8.3
     Lair:4 |    3670 |     800 |  17.9 |      20 |       1 |   4.8
     Lair:5 |    8822 |     595 |   6.3 |      20 |       1 |   4.8
     Lair:6 |     872 |   14749 |  94.4 |       3 |      42 |  93.3
    Swamp:1 |   11518 |       0 |   0.0 |      25 |       0 |   0.0
    Swamp:2 |    4811 |       0 |   0.0 |      12 |       0 |   0.0
    Swamp:3 |    5849 |    1553 |  21.0 |      16 |       1 |   5.9
    Snake:1 |    1009 |       0 |   0.0 |       1 |       0 |   0.0
      Orc:1 |    2410 |       0 |   0.0 |      14 |       0 |   0.0
      Orc:2 |    2593 |   15290 |  85.5 |      27 |      35 |  56.5
    Abyss:2 |    2464 |       0 |   0.0 |      12 |       0 |   0.0
      IceCv |       0 |    9584 | 100.0 |       0 |      35 | 100.0
            +---------+---------+-------+---------+---------+-------
